[ AOE2 MATCH · #508114744 ]
UnrankedItalians vs Huns
Player's team · WIN
Rival team · LOSS
[ REPLAY ANALYSIS · EXTRACTED FROM THE RECORDED GAME ]
Feudal
12:36
Castle
22:09
Imperial
35:00
| APM avg | 52.2 |
| APM peak | 86 |
| eAPM avg | 19.5 |
| Villagers / military | 90 / 50 |
Focus
⚔️ 28.4% · 🌾 71.6%
Genoese Crossbowman ×34 · Skirmisher ×8 · Monk ×4 · Militia ×3 · Trebuchet (Packed) ×1
Feudal
10:14
Castle
21:05
Imperial
34:26
| APM avg | 41.4 |
| APM peak | 73 |
| eAPM avg | 21.8 |
| Villagers / military | 121 / 42 |
Focus
⚔️ 21.2% · 🌾 78.8%
Knight ×19 · Archer ×5 · Monk ×4 · Mangonel ×4 · Scout Cavalry ×4 · Battering Ram ×2
Match map
Initial resources + every placement click. Lines = walls · curves = elevation contours. ◆ gold · ⬟ stone · ● berries · ✦ relic · ◌ wall gap
Your base· ✓ Closed at 22:09 · 60t walls · 1 gate(s)
Patreckdelira's base· Open — unwalled flank
Smoothed initial terrain · ◌ = detected wall gap · hover for details
Inputs per minute
— anaullo95 - - Patreckdelira
Build order — anaullo95
First 150 of 262 actions detected
| 0:01 | Queue | Villager (Male) |
| 0:01 | Queue | Villager (Male) |
| 0:02 | Build | House |
| 0:05 | Build | House |
| 0:08 | Queue | Villager (Male) |
| 0:08 | Queue | Villager (Male) |
| 0:09 | Queue | Villager (Male) |
| 1:31 | Queue | Villager (Male) |
| 1:31 | Queue | Villager (Male) |
| 1:31 | Queue | Villager (Male) |
| 1:53 | Build | Lumber Camp |
| 2:07 | Queue | Villager (Male) |
| 2:25 | Queue | Villager (Male) |
| 2:25 | Queue | Villager (Male) |
| 2:25 | Queue | Villager (Male) |
| 3:05 | Queue | Villager (Male) |
| 3:26 | Queue | Villager (Male) |
| 3:33 | Build | House |
| 3:55 | Queue | Villager (Male) |
| 4:15 | Queue | Villager (Male) |
| 4:49 | Build | Barracks |
| 4:58 | Queue | Villager (Male) |
| 5:18 | Queue | Villager (Male) |
| 5:31 | Build | House |
| 5:46 | Queue | Militia |
| 5:47 | Queue | Villager (Male) |
| 5:50 | Build | House |
| 6:05 | Queue | Villager (Male) |
| 6:16 | Queue | Militia |
| 6:31 | Build | House |
| 6:33 | Queue | Militia |
| 6:36 | Queue | Villager (Male) |
| 6:46 | Build | Mill |
| 6:57 | Build | Palisade Wall |
| 7:05 | Queue | Villager (Male) |
| 7:05 | Queue | Villager (Male) |
| 7:48 | Queue | Villager (Male) |
| 8:10 | Queue | Villager (Male) |
| 8:13 | Build | Mill |
| 8:35 | Build | Palisade Wall |
| 8:45 | Queue | Villager (Male) |
| 8:49 | Build | Mining Camp |
| 9:40 | Build | Palisade Wall |
| 9:45 | Build | Palisade Gate |
| 10:01 | Research | Loom |
| 10:05 | Build | Palisade Wall |
| 10:18 | Research | Feudal Age |
| 10:43 | Build | Lumber Camp |
| 10:49 | Build | Palisade Wall |
| 11:02 | Build | Palisade Wall |
| 11:37 | Build | Palisade Wall |
| 11:38 | Build | House |
| 12:10 | Build | Palisade Wall |
| 12:36 | Age | Feudal Age |
| 12:43 | Build | Archery Range |
| 12:47 | Build | Palisade Wall |
| 12:50 | Research | Double-Bit Axe |
| 12:50 | Queue | Villager (Male) |
| 12:52 | Build | Farm |
| 13:16 | Queue | Villager (Male) |
| 13:24 | Research | Horse Collar |
| 13:27 | Build | Farm |
| 13:39 | Queue | Villager (Male) |
| 13:41 | Build | Farm |
| 13:48 | Queue | Skirmisher |
| 13:51 | Build | Palisade Wall |
| 13:58 | Queue | Villager (Male) |
| 14:00 | Queue | Skirmisher |
| 14:07 | Build | Farm |
| 14:18 | Queue | Skirmisher |
| 14:21 | Build | Farm |
| 14:25 | Build | Farm |
| 14:28 | Queue | Villager (Male) |
| 14:40 | Queue | Villager (Male) |
| 14:41 | Queue | Skirmisher |
| 14:43 | Build | Farm |
| 14:44 | Build | Farm |
| 14:46 | Queue | Skirmisher |
| 15:02 | Build | House |
| 15:05 | Research | Wheelbarrow |
| 15:05 | Research | Wheelbarrow |
| 15:22 | Build | House |
| 15:39 | Build | House |
| 15:48 | Queue | Villager (Male) |
| 15:51 | Build | Farm |
| 16:05 | Queue | Villager (Male) |
| 16:15 | Queue | Villager (Male) |
| 16:17 | Queue | Skirmisher |
| 16:19 | Build | House |
| 16:23 | Build | Farm |
| 16:25 | Build | Farm |
| 16:31 | Queue | Skirmisher |
| 16:47 | Build | Farm |
| 16:49 | Queue | Skirmisher |
| 16:59 | Queue | Villager (Male) |
| 17:06 | Build | House |
| 17:09 | Build | House |
| 17:12 | Queue | Villager (Male) |
| 17:30 | Build | House |
| 17:38 | Queue | Villager (Male) |
| 17:49 | Build | Blacksmith |
| 17:57 | Queue | Villager (Male) |
| 18:12 | Build | Farm |
| 18:13 | Build | Farm |
| 18:24 | Build | House |
| 18:28 | Research | Fletching |
| 18:29 | Queue | Villager (Male) |
| 18:44 | Build | Farm |
| 18:45 | Build | Farm |
| 18:48 | Build | House |
| 18:52 | Queue | Villager (Male) |
| 19:14 | Build | Farm |
| 19:14 | Queue | Villager (Male) |
| 19:17 | Build | Farm |
| 19:29 | Research | Castle Age |
| 19:29 | Research | Castle Age |
| 19:42 | Build | Mining Camp |
| 20:09 | Research | Gold Mining |
| 20:18 | Build | Stone Wall |
| 20:18 | Build | Stone Wall |
| 20:21 | Build | House |
| 21:18 | Build | House |
| 21:22 | Build | House |
| 21:42 | Build | House |
| 21:45 | Build | House |
| 22:09 | Age | Castle Age |
| 22:13 | Queue | Villager (Male) |
| 22:13 | Queue | Villager (Male) |
| 22:16 | Build | Monastery |
| 22:19 | Research | Bodkin Arrow |
| 22:19 | Research | Bow Saw |
| 22:23 | Queue | Villager (Male) |
| 22:33 | Queue | Villager (Male) |
| 22:43 | Build | Market |
| 22:49 | Queue | Villager (Male) |
| 23:04 | Queue | Monk |
| 23:06 | Build | Gate |
| 23:08 | Build | House |
| 23:25 | Build | House |
| 23:30 | Build | House |
| 23:36 | Queue | Villager (Male) |
| 23:39 | Build | House |
| 23:54 | Build | Castle |
| 24:06 | Queue | Villager (Male) |
| 24:12 | Build | Lumber Camp |
| 24:22 | Queue | Villager (Male) |
| 24:27 | Build | House |
| 24:33 | Queue | Villager (Male) |
| 24:40 | Build | Stone Wall |
| 24:49 | Queue | Villager (Male) |
Build order — Patreckdelira
First 150 of 242 actions detected
| 0:04 | Queue | Villager (Male) |
| 0:04 | Queue | Villager (Male) |
| 0:07 | Queue | Villager (Male) |
| 0:07 | Queue | Villager (Male) |
| 1:23 | Queue | Villager (Male) |
| 1:51 | Build | Lumber Camp |
| 1:52 | Queue | Villager (Male) |
| 1:52 | Queue | Villager (Male) |
| 2:07 | Queue | Villager (Male) |
| 2:07 | Queue | Villager (Male) |
| 2:44 | Queue | Villager (Male) |
| 2:55 | Queue | Villager (Male) |
| 3:27 | Queue | Villager (Male) |
| 4:07 | Queue | Villager (Male) |
| 4:20 | Queue | Villager (Male) |
| 4:52 | Queue | Villager (Male) |
| 4:52 | Queue | Villager (Male) |
| 4:57 | Build | Mill |
| 5:39 | Queue | Villager (Male) |
| 6:00 | Queue | Villager (Male) |
| 6:01 | Queue | Villager (Male) |
| 6:01 | Queue | Villager (Male) |
| 6:01 | Queue | Villager (Male) |
| 6:04 | Research | Loom |
| 8:04 | Research | Feudal Age |
| 8:33 | Build | Barracks |
| 8:46 | Build | Palisade Wall |
| 9:00 | Build | Palisade Wall |
| 9:06 | Build | Palisade Wall |
| 9:20 | Queue | Villager (Male) |
| 9:59 | Build | Farm |
| 10:01 | Build | Farm |
| 10:04 | Build | Farm |
| 10:09 | Queue | Villager (Male) |
| 10:14 | Age | Feudal Age |
| 10:20 | Build | Archery Range |
| 10:23 | Queue | Villager (Male) |
| 10:31 | Build | Farm |
| 10:44 | Queue | Villager (Male) |
| 10:50 | Build | Farm |
| 10:54 | Queue | Archer |
| 10:54 | Queue | Archer |
| 11:07 | Build | Mining Camp |
| 11:09 | Queue | Villager (Male) |
| 11:18 | Queue | Villager (Male) |
| 11:44 | Build | Blacksmith |
| 11:55 | Queue | Villager (Male) |
| 12:06 | Queue | Archer |
| 12:25 | Build | Lumber Camp |
| 12:26 | Queue | Villager (Male) |
| 12:39 | Queue | Villager (Male) |
| 12:42 | Build | Farm |
| 12:51 | Queue | Archer |
| 13:30 | Queue | Villager (Male) |
| 13:40 | Queue | Villager (Male) |
| 13:43 | Queue | Archer |
| 13:50 | Build | Stable |
| 13:52 | Queue | Villager (Male) |
| 14:00 | Queue | Villager (Male) |
| 14:05 | Queue | Villager (Male) |
| 14:12 | Research | Double-Bit Axe |
| 14:18 | Queue | Villager (Male) |
| 14:22 | Queue | Scout Cavalry |
| 14:28 | Build | Farm |
| 14:31 | Queue | Villager (Male) |
| 14:49 | Queue | Villager (Male) |
| 15:01 | Build | Market |
| 15:05 | Queue | Villager (Male) |
| 15:11 | Build | Farm |
| 15:15 | Queue | Villager (Male) |
| 15:34 | Queue | Villager (Male) |
| 15:43 | Build | Farm |
| 15:45 | Queue | Scout Cavalry |
| 15:49 | Build | Farm |
| 16:07 | Queue | Villager (Male) |
| 16:16 | Queue | Scout Cavalry |
| 16:18 | Queue | Scout Cavalry |
| 16:22 | Queue | Villager (Male) |
| 16:26 | Research | Scale Barding Armor |
| 16:35 | Queue | Villager (Male) |
| 16:40 | Build | Farm |
| 16:55 | Queue | Villager (Male) |
| 17:03 | Queue | Villager (Male) |
| 17:56 | Build | Farm |
| 18:23 | Build | Farm |
| 18:25 | Research | Castle Age |
| 18:25 | Research | Castle Age |
| 18:42 | Build | Farm |
| 18:55 | Research | Fletching |
| 19:02 | Build | Farm |
| 19:05 | Build | Farm |
| 19:19 | Build | Stable |
| 19:27 | Build | Farm |
| 19:39 | Research | Bloodlines |
| 19:56 | Queue | Villager (Male) |
| 20:00 | Build | Farm |
| 20:13 | Research | Forging |
| 20:19 | Build | Farm |
| 20:36 | Research | Horse Collar |
| 20:47 | Queue | Villager (Male) |
| 20:53 | Build | Farm |
| 21:02 | Queue | Villager (Male) |
| 21:05 | Age | Castle Age |
| 21:13 | Build | Town Center |
| 21:17 | Queue | Villager (Male) |
| 21:20 | Queue | Knight |
| 21:20 | Queue | Knight |
| 21:25 | Queue | Knight |
| 21:25 | Queue | Knight |
| 21:25 | Queue | Knight |
| 21:25 | Queue | Knight |
| 21:47 | Build | Farm |
| 21:53 | Queue | Villager (Male) |
| 22:02 | Build | Monastery |
| 22:05 | Queue | Villager (Male) |
| 22:12 | Queue | Villager (Male) |
| 22:17 | Queue | Villager (Male) |
| 22:22 | Queue | Villager (Male) |
| 22:37 | Queue | Villager (Male) |
| 22:40 | Build | Farm |
| 22:41 | Queue | Villager (Male) |
| 22:44 | Build | Farm |
| 22:54 | Queue | Monk |
| 23:07 | Queue | Villager (Male) |
| 23:08 | Queue | Villager (Male) |
| 23:12 | Build | Farm |
| 23:15 | Build | Farm |
| 23:28 | Queue | Villager (Male) |
| 23:28 | Queue | Villager (Male) |
| 23:35 | Queue | Villager (Male) |
| 23:50 | Build | Town Center |
| 23:53 | Queue | Villager (Male) |
| 23:53 | Queue | Villager (Male) |
| 24:18 | Queue | Villager (Male) |
| 24:18 | Queue | Villager (Male) |
| 24:22 | Queue | Cavalry Archer |
| 24:25 | Queue | Villager (Male) |
| 24:25 | Queue | Villager (Male) |
| 24:27 | Build | Farm |
| 24:46 | Research | Light Cavalry (upgrade) |
| 25:05 | Queue | Villager (Male) |
| 25:05 | Queue | Villager (Male) |
| 25:08 | Queue | Villager (Male) |
| 25:08 | Queue | Villager (Male) |
| 25:33 | Queue | Villager (Male) |
| 25:34 | Queue | Villager (Male) |
| 25:34 | Queue | Villager (Male) |
| 25:36 | Build | Farm |
| 25:39 | Build | Farm |
| 25:41 | Queue | Villager (Male) |
Match timeline
| 4:49 | anaullo95 · first_building Barracks |
| 6:57 | anaullo95 · wall_segment Palisade Wall x6 |
| 8:33 | Patreckdelira · first_building Barracks |
| 8:35 | anaullo95 · wall_segment Palisade Wall x6 |
| 8:46 | Patreckdelira · wall_segment Palisade Wall x2 |
| 9:00 | Patreckdelira · wall_segment Palisade Wall x3 |
| 9:06 | Patreckdelira · wall_segment Palisade Wall x1 |
| 9:40 | anaullo95 · wall_segment Palisade Wall x7 |
| 10:05 | anaullo95 · wall_segment Palisade Wall x8 |
| 10:14 | Patreckdelira · age_up feudal |
| 10:20 | Patreckdelira · first_building Archery Range |
| 10:49 | anaullo95 · wall_segment Palisade Wall x7 |
| 11:02 | anaullo95 · wall_segment Palisade Wall x5 |
| 11:37 | anaullo95 · wall_segment Palisade Wall x1 |
| 12:10 | anaullo95 · wall_segment Palisade Wall x4 |
| 12:36 | anaullo95 · age_up feudal |
| 12:43 | anaullo95 · first_building Archery Range |
| 12:47 | anaullo95 · wall_segment Palisade Wall x7 |
| 13:50 | Patreckdelira · first_building Stable |
| 13:51 | anaullo95 · wall_segment Palisade Wall x7 |
| 16:13 | Patreckdelira · first_market_buy 100 food |
| 16:15 | Patreckdelira · first_market_sell 100 wood |
| 20:18 | anaullo95 · wall_segment Stone Wall x1 |
| 20:18 | anaullo95 · wall_segment Stone Wall x1 |
| 21:05 | Patreckdelira · age_up castle |
| 22:02 | Patreckdelira · first_building Monastery |
| 22:09 | anaullo95 · age_up castle |
| 22:16 | anaullo95 · first_building Monastery |
| 23:54 | anaullo95 · first_building Castle |
| 24:40 | anaullo95 · wall_segment Stone Wall x1 |
| 25:51 | Patreckdelira · first_building Siege Workshop |
| 26:51 | anaullo95 · first_building Siege Workshop |
| 28:03 | anaullo95 · first_market_buy 100 wood |
| 29:48 | Patreckdelira · first_building Castle |
| 30:14 | anaullo95 · first_market_sell 100 food |
| 34:26 | Patreckdelira · age_up imperial |
| 35:00 | anaullo95 · age_up imperial |
| 36:26 | Patreckdelira · resign |
[ AI ANALYSIS · 1 CREDIT ]
What really happened in this match?
Wolo.gg analyzes every decision: build order, eco, micro, common mistakes by bracket. Personalized analysis on WhatsApp or Discord in 30 seconds.
Civ guide
Italians
Perfil
Jugador #25983101